 Dungeon Crawl Stone Soup version 0.17-a0-1575-g9a29ec8 (webtiles) character file.

2144 urechis the Basher (level 9, -12/101 HPs)
             Began as an Ogre Fighter on July 26, 2015.
             Was an Initiate of Okawaru.
             Killed from afar by HEYYEYAAE's ghost (26 damage)
             ... with a bolt of negative energy
             ... on level 6 of the Dungeon.
             The game lasted 00:16:11 (8022 turns).

urechis the Basher (Ogre Fighter)                   Turns: 8022, Time: 00:16:11

Health: -12/101    AC:  4    Str: 23    XL:     9   Next: 30%
Magic:  9/9        EV:  6    Int:  7    God:    Okawaru [......]
Gold:   344        SH:  7    Dex: 15    Spells: 0 memorised, 8 levels left

rFire  . . .     SeeInvis .     a - +0 flail
rCold  . . .     Clarity  .     b - +0 robe
rNeg   . . .     SustAt   .     c - +0 shield
rPois  +         Gourm    .     (helmet restricted)
rElec  .         Spirit   .     E - +0 cloak (curse)
rCorr  .         Warding  .     (gloves unavailable)
rMut   .         Stasis   .     (boots unavailable)
MR     .....                    w - amulet of rage
Stlth  +.........               u - ring of poison resistance
                                k - +3 ring of dexterity

@: very heavily drained, not resistant to hostile enchantments, very unstealthy
A: unfitting armour, tough skin 1
a: Renounce Religion, Evoke Berserk Rage


You were on level 6 of the Dungeon.
You worshipped Okawaru.
Okawaru was noncommittal.
You were hungry.

You visited 2 branches of the dungeon, and saw 7 of its levels.

You collected 344 gold pieces.

Inventory:

Hand weapons
 a - a +0 flail (weapon)
 s - a +0 giant spiked club
Armour
 b - a +0 robe (worn)
 c - a +0 shield (worn)
 E - a cursed +0 cloak (worn)
Jewellery
 k - a +3 ring of dexterity (left hand)
 n - an uncursed amulet of resist mutation
 u - a ring of poison resistance (right hand)
 w - an amulet of rage (around neck)
 F - an uncursed amulet of clarity
Scrolls
 h - 3 scrolls of magic mapping {unknown}
 i - 10 scrolls of identify {unknown}
 l - 2 scrolls of random uselessness {unknown}
 m - 8 scrolls of remove curse {unknown}
 o - 2 scrolls of blinking {unknown}
 q - 2 scrolls of fear {unknown}
 t - 2 scrolls of enchant armour {unknown}
 v - 4 scrolls of teleportation {unknown}
 y - a scroll of enchant weapon {unknown}
 A - 2 scrolls of fog {unknown}
 D - a scroll of noise {unknown}
Potions
 d - a potion of might
 f - a potion of haste {unknown}
 g - a potion of agility {unknown}
 j - a potion of cure mutation {unknown}
 x - a potion of beneficial mutation {unknown}
 z - a potion of degeneration {unknown}
 B - a potion of flight {unknown}
 C - a potion of lignification
 G - 2 potions of berserk rage {unknown}
 H - a potion of magic {unknown}
Comestibles
 e - 8 bread rations
 p - 2 meat rations
 r - 3 slices of pizza


   Skills:
 + Level 9.8(5.9) Fighting
 * Level 12.6(8.4) Maces & Flails
 - Level 2.6(0.0) Dodging
 - Level 2.6(0.0) Shields


You had 8 spell levels left.
You didn't know any spells.

Dungeon Overview and Level Annotations

Branches:
Dungeon (6/15)             Temple (1/1) D:6

Altars:
Ashenzari
Dithmenos
Elyvilon
Fedhas
Gozag
Kikubaaqudgha
Makhleb
Okawaru
Qazlal
Ru
Sif Muna
Trog
Vehumet
Xom
Yredelemnul
Zin
The Shining One

Annotations:
D:6 HEYYEYAAE's ghost, experienced DrBe


Innate Abilities, Weirdness & Mutations

You are too large for most types of armour.
You have tough skin (AC +1).


Message History

The bolt of negative energy hits you!
You feel drained.
You closely miss HEYYEYAAE's ghost.
HEYYEYAAE's ghost is lightly damaged.
HEYYEYAAE's ghost hits you.
You hit HEYYEYAAE's ghost.
HEYYEYAAE's ghost is lightly damaged.
HEYYEYAAE's ghost hits you!
You sock HEYYEYAAE's ghost!
HEYYEYAAE's ghost is moderately damaged.
HEYYEYAAE's ghost breathes negative energy at you.
The bolt of negative energy hits you!
You feel drained. HEYYEYAAE's ghost hits you.
HEYYEYAAE's ghost whispers, "Death is liberation."
HEYYEYAAE's ghost breathes negative energy at you.
The bolt of negative energy hits you!
You feel drained.
* * * LOW HITPOINT WARNING * * *
There is an open door here.
HEYYEYAAE's ghost breathes negative energy at you.
The bolt of negative energy hits you!
You feel drained.
You die...

#.....(.....#######'###...#######
..###+####.......................
..#......+......<................
..'......#......W......[.........
..#......#.......................
..##.###'#.......................
####'#.....####'####'############
...'.#.>[..'.....................
...#.'.....#....@................
####'#.....#####'###..#####.#####
####.#.............#+######.#####
.....#........W....#............'
.....'.....[.......#............#
.....#.............'....).......#
###.##.............#'######.##.##
###.#...##'#####+#....#####.##.##
....+...'...W....'....'...+......


You could see HEYYEYAAE's ghost.

Vanquished Creatures
  Menkaure (D:5)
  A sky beast (D:5)
  2 phantoms
  2 ogres (D:6)
  2 centaurs
  A giant frog (D:6)
  A crocodile (D:6)
  A scorpion (D:6)
  3 crimson imps
  4 wights (D:6)
  5 hounds
  Crazy Yiuf (D:4)
  3 giant frog skeletons
  8 orc priests
  An iguana (D:6)
  5 worker ants (D:4)
  2 orc wizards
  A hound zombie (D:4)
  3 gnolls
  A worker ant zombie (D:6)
  Robin (D:3)
  5 adders
  2 oozes (D:1)
  4 worms
  An adder skeleton (D:6)
  5 giant geckos
  24 orcs
  4 ball pythons
  6 giant cockroaches
  16 hobgoblins
  18 jackals
  2 quokkas (D:5)
  7 bats
  A giant gecko skeleton (D:6)
  2 giant newts
  17 goblins
  11 kobolds
  9 rats
183 creatures vanquished.

Notes
Turn   | Place    | Note
--------------------------------------------------------------
     0 | D:1      | urechis the Ogre Fighter began the quest for the Orb.
     0 | D:1      | Reached XP level 1. HP: 24/24 MP: 1/1
   129 | D:1      | Reached XP level 2. HP: 22/33 MP: 2/2
   455 | D:1      | Reached XP level 3. HP: 40/40 MP: 3/3
   684 | D:2      | Found a shattered altar of Ashenzari.
   754 | D:2      | Reached skill level 5 in Fighting
  1165 | D:2      | Reached XP level 4. HP: 50/50 MP: 4/4
  1531 | D:2      | Found a radiant altar of Vehumet.
  1604 | D:3      | Reached skill level 5 in Maces & Flails
  1622 | D:3      | Found a shattered altar of Ashenzari.
  1625 | D:3      | Found a blossoming altar of Fedhas.
  1627 | D:3      | Found a stormy altar of Qazlal.
  2079 | D:3      | Reached XP level 5. HP: 35/57 MP: 5/5
  2384 | D:3      | Reached skill level 6 in Maces & Flails
  2662 | D:3      | Noticed Robin
  2680 | D:3      | Killed Robin
  3132 | D:4      | Reached XP level 6. HP: 37/67 MP: 6/6
  3588 | D:4      | Noticed a phantom
  3610 | D:4      | Killed a phantom
  3610 | D:4      | Reached skill level 7 in Maces & Flails
  3672 | D:4      | Reached XP level 7. HP: 42/76 MP: 7/7
  4060 | D:4      | Reached skill level 8 in Maces & Flails
  4493 | D:4      | Noticed Crazy Yiuf
  4505 | D:4      | Killed Crazy Yiuf
  4709 | D:5      | Entered Level 5 of the Dungeon
  4786 | D:5      | Noticed Menkaure
  4799 | D:5      | Killed Menkaure
  4799 | D:5      | Reached skill level 9 in Maces & Flails
  5062 | D:5      | Found an ancient bone altar of Kikubaaqudgha.
  5108 | D:5      | Reached XP level 8. HP: 39/88 MP: 8/8
  5144 | D:5      | Reached skill level 10 in Maces & Flails
  5150 | D:5      | HP: 3/89 [orc/mace (5)]
  5598 | D:5      | Found a burning altar of Makhleb.
  6062 | D:6      | Reached skill level 11 in Maces & Flails
  6538 | D:6      | Reached XP level 9. HP: 11/100 MP: 9/9
  6566 | D:6      | Reached skill level 12 in Maces & Flails
  7080 | D:6      | Noticed HEYYEYAAE's ghost (experienced DrBe)
  7640 | D:6      | Found a staircase to the Ecumenical Temple.
  7654 | Temple   | Entered the Ecumenical Temple
  7746 | Temple   | Became a worshipper of Warmaster Okawaru
  8022 | D:6      | Killed from afar by HEYYEYAAE's ghost

Vault maps used:
D:1:      minmay_arrival_cross, minmay_close_crescents
D:2:      nicolae_overflow_hidden_temple, nicolae_ashenzari_panopticon
D:3:      grunt_temple_overflow_open, uniq_robin
D:4:      uniq_crazy_yiuf_cottage
D:5:      overflow_temple_1_default, first_bread, basic_altar, uniq_menkaure
D:6:      minmay_temple_entry_purple_smoke, corner_web_ring
Temple:   circular_temple_12

Action                   |  1- 3 |  4- 6 |  7- 9 || total
-------------------------+-------+-------+-------++-------
Melee: Flail             |   117 |   218 |   376 ||   711
 Abil: Evoke Berserk Rag |       |       |     1 ||     1
  Use: Potion            |       |     1 |     9 ||    10
 Stab: Sleeping          |       |     2 |       ||     2
       Distracted        |       |       |     1 ||     1
  Eat: Chunk             |     1 |     8 |    13 ||    22
       Beef jerky        |       |       |     1 ||     1
